 Dungeon Crawl Stone Soup version 0.18.1-50-g88ac8fd (webtiles) character file.

182 Monkfish the Covert (level 5, -2/31 HPs)
             Began as a Kobold Assassin on Oct 21, 2016.
             Slain by an orc priest
             ... wielding a +0 whip
              (3 damage)
             ... on level 3 of the Dungeon.
             The game lasted 00:08:11 (3790 turns).

Monkfish the Covert (Kobold Assassin)               Turns: 3790, Time: 00:08:11

Health: -2/31      AC:  4    Str: 11    XL:     5   Next: 93%
Magic:  5/5        EV: 14    Int:  9    God:
Gold:   90         SH:  0    Dex: 17    Spells: 0 memorised, 4 levels left

rFire  . . .     SeeInvis .     a - +2 dagger
rCold  . . .     Gourm    .     c - +0 robe
rNeg   . . .     Faith    .     (shield restricted)
rPois  .         Spirit   .     (no helmet)
rElec  .         Dismiss  .     d - +1 cloak
rCorr  .         Reflect  .     (no gloves)
SustAt .         Harm     .     (no boots)
MR     .....                    (no amulet)
Stlth  +++++.....               (no ring)
                                (no ring)

@: not resistant to hostile enchantments, quite stealthy
A: carnivore 3
a: no special abilities


You were on level 3 of the Dungeon.
You were very full.

You visited 1 branch of the dungeon, and saw 3 of its levels.

You collected 90 gold pieces.

Inventory:

Hand Weapons
 a - a +2 dagger (weapon)
 b - a +0 blowgun
Missiles
 e - 4 poisoned needles
 f - a curare-tipped needle
Armour
 c - a +0 robe (worn)
 d - a +1 cloak (worn)
Jewellery
 r - a +5 amulet of reflection {unknown}
Scrolls
 j - 2 scrolls of identify
 k - 3 scrolls of teleportation
 p - a scroll of remove curse
 s - a scroll of blinking
Potions
 h - 2 potions of agility
 l - a potion of cancellation {unknown}
 m - a potion of resistance
 n - a potion of cure mutation {unknown}
 o - 2 potions of haste {unknown}
Comestibles
 g - a meat ration
 i - a beef jerky
 q - 2 slices of pizza


   Skills:
 + Level 2.6 Fighting
 + Level 3.5 Short Blades
 + Level 2.6 Throwing
 - Level 1.2 Dodging
 * Level 8.4 Stealth


You had 4 spell levels left.
You didn't know any spells.

Dungeon Overview and Level Annotations

Branches:
Dungeon (3/15)

Altars:
Nemelex Xobeh
The Shining One


Innate Abilities, Weirdness & Mutations

You are small and have problems with some larger weapons.
You are carnivorous and can eat meat at any time.


Message History

The orc priest closely misses you.
You hit the orc priest.
You kill the orc priest!
You completely miss the orc priest.
The orc priest mumbles some strange prayers to Beogh against you.
Beogh smites you!
* * * LOW HITPOINT WARNING * * *
Wield which item (- for none, * to show all)? (? for menu, Esc to quit)
Okay, then.
You hit the orc priest.
The orc priest is moderately wounded.
The orc priest closely misses you.
You hit the orc priest but do no damage.
The orc priest is moderately wounded.
The orc priest hits you with a whip.
* * * LOW HITPOINT WARNING * * *
You closely miss the orc priest.
The orc priest is moderately wounded.
The orc priest hits you with a whip.
You die...

#.#.....# #.#.....#
#.#.....#
########.#.....#
..........>....#
#######.#.#.....#
..........#......
#..############.#########
........@o.(..(.......##.
##.############.#####.##.
#.# #.##. #.# #.##. #.#
#.##. #o# #.##. ...# #.#
#.##. #+# #..#


#oo #.... ##.###..# #.. ##### You could see an orc priest.

Vanquished Creatures
  An orc priest (D:3)
  Ijyb (D:2)
  4 adders
  7 worms
  A dart slug (D:2)
  2 giant geckos
  3 orcs (D:3)
  3 ball pythons
  6 bats
  A giant cockroach (D:1)
  3 hobgoblins
  6 jackals (D:2)
  5 giant newts
  5 goblins
  10 kobolds
  9 rats
67 creatures vanquished.

Notes
Turn   | Place    | Note
--------------------------------------------------------------
     0 | D:1      | Monkfish the Kobold Assassin began the quest for the Orb.
     0 | D:1      | Reached XP level 1. HP: 12/12 MP: 1/1
   258 | D:1      | Reached XP level 2. HP: 10/17 MP: 2/2
   802 | D:1      | Reached skill level 6 in Stealth
  1116 | D:1      | Reached XP level 3. HP: 9/21 MP: 3/3
  1767 | D:2      | HP: 1/21 [worm (8)]
  1771 | D:2      | Reached XP level 4. HP: 2/27 MP: 4/4
  2432 | D:2      | Noticed Ijyb
  2456 | D:2      | Killed Ijyb
  2456 | D:2      | Reached skill level 7 in Stealth
  2582 | D:2      | Reached XP level 5. HP: 29/31 MP: 5/5
  2836 | D:2      | Found a sparkling altar of Nemelex Xobeh.
  3445 | D:3      | Reached skill level 8 in Stealth
  3466 | D:3      | Found a glowing golden altar of the Shining One.
  3789 | D:3      | HP: 1/31 [orc priest/whip (1)]
  3790 | D:3      | Slain by an orc priest

Skill      XL: |  1  2  3  4  5 |
---------------+----------------+-----
Stealth        | 6 7 8 |  8.4
Short Blades   | 3 |  3.5
Fighting       | |  2.6
Throwing       | |  2.6
Dodging        | |  1.2

Action                   |  1- 3 |  4- 6 || total
-------------------------+-------+-------++-------
Melee: Dagger            |   117 |   131 ||   248
 Fire: Blowgun           |     6 |     5 ||    11
  Use: Scroll            |     8 |       ||     8
       Potion            |     3 |     1 ||     4
 Stab: Sleeping          |     7 |     9 ||    16
       Distracted        |     1 |       ||     1
  Eat: Chunk             |    10 |     7 ||    17
Armor: Robe              |    20 |    19 ||    39
Dodge: Dodged            |    61 |    73 ||   134
